 Dungeon Sprint DCSS version 0.29-a0-284-gf9362112df (webtiles) character file.

Game seed: 10894973736632908434

0 horus123 the Ducker (level 1, 0/16 HPs)
             Began as a Demonspawn Gladiator on Mar 17, 2022.
             Slain by a quasit (3 damage)
             ... in the Dungeon (Sprint VI: "Thunderdome").
             The game lasted 00:01:09 (35 turns).

horus123 the Ducker (Demonspawn Gladiator)            Turns: 35, Time: 00:01:09

Health: 0/16       AC:  4    Str: 14    XL:     1   Next: 66%
Magic:  1/1        EV: 12    Int:  9    God:
Gold:   200        SH:  0    Dex: 14    Spells: 0/0 levels left

rFire   . . .      SeeInvis .   a - +0 long sword
rCold   . . .      Faith    .   (no shield)
rNeg    . . .      Spirit   .   b - +0 leather armour
rPois   .          Reflect  .   c - +0 helmet
rElec   .          Harm     .   (no cloak)
rCorr   .          Rampage  .   (no gloves)
Will    .....      NoTele   +   (no boots)
Stlth   +.........              (no amulet)
HPRegen 0.05/turn               (no ring)
MPRegen 0.07/turn               (no ring)

@: no status effects
A: no striking features
a: no special abilities


You were in the Dungeon.
You visited 1 branch You collected 200 gold pieces.

Inventory:

Hand Weapons
 a - a +0 long sword (weapon)
Missiles
 d - 3 throwing nets (quivered)
 e - a javelin
Armour
 b - a +0 leather armour (worn)
 c - a +0 helmet (worn)
Wands
 l - a wand of acid (5)
 m - a wand of iceblast (5)
Scrolls
 k - 4 scrolls of blinking
 n - 3 scrolls of fog
Potions
 f - a potion of curing
 g - 4 potions of heal wounds
 h - 4 potions of haste
 i - 2 potions of magic
 j - a potion of berserk rage
 o - a potion of resistance


   Skills:
 + Level 2.2 Fighting
 - Level 3.3 Long Blades
 - Level 1.9 Throwing
 - Level 3.3 Dodging


You couldn't memorise any spells.
You didn't know any spells.
Your spell library was empty.

Dungeon Overview and Level Annotations

Branches:
Dungeon (1/1)

Altars:
Cheibriados
Kikubaaqudgha
Okawaru
Qazlal
Ru
Uskayaw
Xom
Zin

Shops:
D ??:(


Message History

The ufetubus is moderately wounded.
The ufetubus closely misses you. x2
You closely miss the ufetubus.
The ufetubus is moderately wounded.
The ufetubus closely misses you. The ufetubus barely misses you.
The ufetubus closely misses you. The ufetubus barely misses you.
You closely miss the ufetubus.
The ufetubus is moderately wounded.
The ufetubus hits you.
The ufetubus hits you but does no damage. x2
The ufetubus barely misses you.
You barely miss the ufetubus.
The ufetubus is moderately wounded.
The ufetubus completely misses you. The ufetubus barely misses you. x2
The ufetubus hits you.
An iron imp comes into view.
You barely miss the ufetubus.
The ufetubus is moderately wounded.
The iron imp shouts!
The ufetubus closely misses you. The ufetubus hits you.
The ufetubus misses you.
The ufetubus hits you but does no damage.
You slash the ufetubus!
You kill the ufetubus!
Your Long Blades skill increases to level 3!
Your Dodging skill increases to level 3!
Okay, then.
There is an entrance to Ucucumots's Staff Store here.
There is an entrance to Peomiod's Must-Have Magic here.
A quasit comes into view.
There is an entrance to Qaghopti's Magic Scroll Shop here.
There is an entrance to Wuekyut's Magic Scroll Shop here.
There is a hide-covered altar of Uskayaw here.
The iron imp hits you!
Ouch! That really hurt!
* * * LOW HITPOINT WARNING * * *
There is an ancient bone altar of Kikubaaqudgha, spattered with blood here.
There is a glowing silver altar of Zin here.
Found a shimmering altar of Xom.
The quasit bites you.
You die...

##⌠⌠⌠## #.....#
##.....## ##∩.....∩##
#∩.......∩#
#_......._#
#5......._#
#_5.......#
###@........###
#⌠...........§#
#.8.........8.###
_......###......__.
......8.# #.8.......
..........###.........
.......###...###......
....... #.<.# ......
.. #...# ......


You could see an iron imp and a quasit.

Vanquished Creatures
  An ufetubus (D)
1 creature vanquished.

Notes
Turn   | Place    | Note
-------+----------+-------------------------------------------
     0 | D        | horus123 the Demonspawn Gladiator began the quest for the
                  | Orb.
     0 | D        | Reached XP level 1. HP: 16/16 MP: 1/1
     2 | D        | Found an iron altar of Okawaru.
     3 | D        | Found a snail-covered altar of Cheibriados.
     3 | D        | Found a stormy altar of Qazlal.
     4 | D        | Found a sacrificial altar of Ru.
     4 | D        | Found a hide-covered altar of Uskayaw.
     5 | D        | Found an ancient bone altar of Kikubaaqudgha.
     5 | D        | Found Ucucumots's Staff Store.
     5 | D        | Found Wuekyut's Magic Scroll Shop.
     5 | D        | Round 1.
     6 | D        | Found Peomiod's Must-Have Magic.
     6 | D        | Found Qaghopti's Magic Scroll Shop.
    14 | D        | Noticed an iron imp
    28 | D        | Noticed a quasit
    35 | D        | Found a shimmering altar of Xom.
    35 | D        | Slain by a quasit

Illustrated notes

Levels and vault maps discovered:
D:        arena_sprint

Skill      XL: |  1 |
---------------+----+-----
Long Blades    | 3 |  3.3
Dodging        | 3 |  3.3
Fighting       | |  2.2
Throwing       | |  1.9

Action                   || total
-------------------------++-------
Melee: Long sword        ||     6
Armor: Leather armour    ||     3
Dodge: Dodged            ||    16

Table legend: (Time is in decaauts)
 A = Elapsed time spent in this place.
 B = Non-inter-level travel time spent in this place.
 C = Inter-level travel time spent in this place.
 D = Time resting spent in this place.
 E = Time spent auto-exploring this place.
 F = Levels seen in this place.
 G = Mean time per level.
                   A        B        C        D        E       F      G
               +--------+--------+--------+--------+--------+-----+--------+
         Total |     36 |     36 |      0 |      0 |      0 |   1 |   36.0 |
       Dungeon |     36 |     36 |      0 |      0 |      0 |   1 |   36.0 |
               +--------+--------+--------+--------+--------+-----+--------+

Top non-repeatable levels by time:
       D: 36 daAuts
